 Dungeon Crawl Stone Soup version 0.20-a0-33-g996f6e0 (webtiles) character file.

151 sveltemanboy the Poker (level 5, 0/38 HPs)
             Began as a Demonspawn Gladiator on Nov 9, 2016.
             Was an Initiate of Makhleb.
             Succumbed to a scorpion's poison
             ... on level 3 of the Dungeon.
             The game lasted 00:04:57 (2249 turns).

sveltemanboy the Poker (Demonspawn Gladiator)       Turns: 2249, Time: 00:04:58

Health: 0/38       AC:  4    Str: 16    XL:     5   Next: 10%
Magic:  6/6        EV: 17    Int: 10    God:    Makhleb [......]
Gold:   79         SH:  4    Dex: 18    Spells: 0 memorised, 4 levels left

rFire  . . .     SeeInvis .     a - +0 trident
rCold  . . .     Gourm    .     b - +0 leather armour
rNeg   . . .     Faith    .     (no shield)
rPois  .         Spirit   .     c - +0 helmet
rElec  .         Reflect  .     (no cloak)
rCorr  .         Harm     .     (no gloves)
MR     .....                    (no boots)
Stlth  ++........               (no amulet)
                                (no ring)
                                (no ring)

@: agile, lethally poisoned (0 -> -1), drained
A: hooves 2, large bone plates 1, powered by pain 1
a: Renounce Religion


You were on level 3 of the Dungeon.
You worshipped Makhleb.
Makhleb was noncommittal.
You were hungry.

You visited 1 branch of the dungeon, and saw 3 of its levels.

You collected 79 gold pieces.

Inventory:

Hand Weapons
 a - a +0 trident (weapon)
Armour
 b - a +0 leather armour (worn)
 c - a +0 helmet (worn)
 g - a +0 scale mail
 p - a +0 chain mail
Scrolls
 d - 2 scrolls of fog {unknown}
 e - 2 scrolls of teleportation {unknown}
 k - a scroll of random uselessness {unknown}
 l - 2 scrolls of identify {unknown}
 n - a scroll of recharging {unknown}
 q - a scroll of remove curse {unknown}
 r - a scroll of enchant armour {unknown}
Potions
 j - a potion of flight {unknown}
 o - a potion of brilliance
Comestibles
 f - 3 bread rations
 h - 5 chunks of flesh
 i - a beef jerky
 s - a meat ration


   Skills:
 - Level 2.0(1.4) Fighting
 * Level 4.5(3.9) Polearms
 - Level 1.7(1.2) Throwing
 + Level 1.7(1.2) Armour
 - Level 2.6(2.1) Dodging
 + Level 2.2(1.7) Invocations


You had 4 spell levels left.
You didn't know any spells.

Dungeon Overview and Level Annotations

Branches:
Dungeon (3/15)

Altars:
Hepliaklqana
Makhleb

Annotations:
D:3 Sigmund


Innate Abilities, Weirdness & Mutations

You have hoof-like feet.
You are partially covered in large bone plates. (SH +4)
You sometimes gain a little power by taking damage.


Message History

The worm is lightly wounded.
You feel sick.
You are too injured to fight recklessly!
You are too injured to fight recklessly!
You are too injured to fight recklessly!
You are too injured to fight recklessly!
You are too injured to fight recklessly!
You hit the worm.
The worm is lightly wounded.
The worm bites you!
* * * LOW HITPOINT WARNING * * *
* * * LOW HITPOINT WARNING * * *
You feel sick.
* * * LOW HITPOINT WARNING * * *
You feel sick.
* * * LOW HITPOINT WARNING * * *
You feel sick.
* * * LOW HITPOINT WARNING * * *
You feel sick.
You die...

#.# ...# #.# ##...
#######.####### .#....
#..........<..## .....
#.#####.#####....# #....
#.# #.# #..### #.#.# #.#
#.# #..# #%#.# #.#
#.#####..# #.#.# #.#
#...@[#..# #^#†# #.#
######.#..#######.#.# #.#
#............w....#.#
#.####.#.#######.........#
#........# #.#######.#
#####....# #.# #.#
.......>...# #)# #[#
#######....# #.# #.#
##.#.# #.# #.#


There were no monsters in sight!

Vanquished Creatures
  A scorpion (D:3)
  Terence (D:2)
  2 adders (D:2)
  A gnoll (D:1)
  An ooze (D:1)
  A leopard gecko (D:1)
  2 ball pythons
  A giant cockroach (D:1)
  9 goblins
  4 hobgoblins
  2 quokkas
  A bat (D:2)
  3 frilled lizards
  9 kobolds
  3 rats
41 creatures vanquished.

Notes
Turn   | Place    | Note
-------+----------+-------------------------------------------
     0 | D:1      | sveltemanboy the Demonspawn Gladiator began the quest for the Orb.
     0 | D:1      | Reached XP level 1. HP: 16/16 MP: 1/1
   373 | D:1      | Reached skill level 3 in Polearms
   553 | D:1      | Gained mutation: You are partially covered in large bone plates. (SH +4) [demonic ancestry]
   553 | D:1      | Reached XP level 2. HP: 2/22 MP: 2/2
  1225 | D:1      | Gained mutation: You have large cloven feet. [demonic ancestry]
  1225 | D:1      | Reached XP level 3. HP: 24/27 MP: 3/3
  1244 | D:2      | Found a burning altar of Makhleb.
  1249 | D:2      | Reached skill level 1 in Armour
  1497 | D:2      | Became a worshipper of Makhleb the Destroyer
  1781 | D:2      | Reached skill level 1 in Invocations
  1936 | D:2      | Noticed Terence
  1954 | D:2      | Killed Terence
  1954 | D:2      | Reached skill level 4 in Polearms
  1954 | D:2      | Gained mutation: You sometimes gain a little power by taking damage. [demonic ancestry]
  1954 | D:2      | Reached XP level 4. HP: 26/33 MP: 3/5
  2053 | D:2      | Found a hazy altar of Hepliaklqana.
  2124 | D:3      | Noticed Sigmund
  2232 | D:3      | Gained mutation: You have hoof-like feet. [demonic ancestry]
  2232 | D:3      | Reached XP level 5. HP: 12/38 MP: 6/6
  2241 | D:3      | HP: 1/38 [poisoned by a scorpion]
  2249 | D:3      | Succumbed to a scorpion's poison

Vault maps used:
D:1:      mainiacjoe_arrival_reflecting_pool
D:2:      overflow_temple_1_default, marbit_many_paths, uniq_terence
D:3:      ecumenical_altar_1, kennysheep_generic_room_3, uniq_sigmund

Skill      XL: |  1  2  3  4 |
---------------+-------------+-----
Polearms       | 3 4 |  4.5
Armour         | 1 |  1.7
Invocations    | 1 2 |  2.2
Fighting       | |  2.0
Throwing       | |  1.7
Dodging        | |  2.6

Action                   |  1- 3 |  4- 6 || total
-------------------------+-------+-------++-------
Melee: Trident           |   132 |    37 ||   169
       Kick              |    22 |     8 ||    30
Throw: Throwing net      |     5 |       ||     5
  Use: Potion            |     8 |     1 ||     9
 Stab: Held in net/web   |     1 |       ||     1
  Eat: Chunk             |     4 |       ||     4
Armor: Leather armour    |    27 |     2 ||    29
Dodge: Dodged            |    46 |    18 ||    64
Block: Other             |    12 |     3 ||    15
